 Dungeon Crawl Stone Soup version 0.23.2 (webtiles) character file.

Game seed: 4886261144591569174

2054 esteth the Thaumaturge (level 9, -4/62 (65) HPs)
             Began as a Gnoll Wizard on Apr 13, 2019.
             Was a Believer of Cheibriados.
             Slain by a bullfrog zombie (6 damage)
             ... on level 7 of the Dungeon.
             The game lasted 00:16:03 (8063 turns).

esteth the Thaumaturge (Gnoll Wizard)               Turns: 8063, Time: 00:16:04

HP:   -4/62 (65)    AC:  3    Str: 14    XL:     9   Next: 25%
MP:   20/30         EV: 16    Int: 28    God:    Cheibriados [**....]
Gold: 339           SH:  5    Dex: 17    Spells: 13/24 levels left

rFire    . . .     SeeInvis .   f - +5 short sword
rCold    . . .     Gourm    .   x - +0 buckler
rNeg     . . .     Faith    .   a - +0 robe
rPois    .         Spirit   .   b - +0 hat
rElec    .         Reflect  .   (no cloak)
rCorr    .         Harm     .   y - +0 pair of gloves
MR       .....                  (no boots)
Stlth    +++.......             (no amulet)
HPRegen  0.00/turn              B - ring of magical power
MPRegen  0.22/turn              (no ring)

@: non-regenerating, diseased, very slow
A: distributed training, fangs 1, strong nose
a: Bend Time, Renounce Religion


You were on level 7 of the Dungeon.
You worshipped Cheibriados.
Cheibriados was pleased with you.
You were not hungry.

You visited 1 branch of the dungeon, and saw 7 of its levels.

You collected 339 gold pieces.

Inventory:

Hand Weapons
 f - a +5 short sword (weapon)
Armour
 a - a +0 robe (worn)
 b - a +0 hat (worn)
 i - a +0 cloak
 x - a +0 buckler (worn)
 y - a +0 pair of gloves (worn)
Jewellery
 s - an uncursed amulet of guardian spirit
 B - a ring of magical power (left hand)
Wands
 n - a wand of clouds (4)
 E - a wand of iceblast (7)
Scrolls
 e - a scroll of immolation
 g - 8 scrolls of identify
 h - 2 scrolls of noise
 j - 3 scrolls of teleportation
 k - a scroll of magic mapping
 m - 3 scrolls of remove curse
 u - 2 scrolls of fog
 z - a scroll of amnesia {unknown}
 C - a scroll of torment {unknown}
Potions
 c - a potion of heal wounds {unknown}
 l - a potion of mutation {unknown}
 o - a potion of degeneration {unknown}
 p - 2 potions of brilliance {unknown}
 r - a potion of agility {unknown}
 t - a potion of might
 v - a potion of flight {unknown}
 w - a potion of invisibility {unknown}
 A - a potion of ambrosia {unknown}
Comestibles
 d - 9 rations


   Skills:
 + Level 4.0 Fighting
 + Level 4.0 Short Blades
 + Level 4.0 Long Blades
 + Level 4.0 Axes
 + Level 4.0 Maces & Flails
 + Level 4.0 Polearms
 + Level 4.0 Staves
 + Level 4.0 Slings
 + Level 4.0 Bows
 + Level 4.0 Crossbows
 + Level 4.0 Throwing
 + Level 4.0 Armour
 + Level 6.1 Dodging
 + Level 5.8 Stealth
 + Level 4.0 Shields
 + Level 4.0 Unarmed Combat
 + Level 8.2 Spellcasting
 + Level 4.0 Conjurations
 + Level 3.2 Hexes
 + Level 3.2 Charms
 + Level 4.0 Summonings
 + Level 3.2 Necromancy
 + Level 4.0 Translocations
 + Level 3.2 Transmutations
 + Level 3.2 Fire Magic
 + Level 3.2 Ice Magic
 + Level 3.2 Air Magic
 + Level 3.2 Earth Magic
 + Level 3.2 Poison Magic
 + Level 4.4 Invocations
 + Level 4.0 Evocations


You had 13 spell levels left.
You knew the following spells:

 Your Spells              Type           Power        Failure   Level  Hunger
a - Magic Dart            Conj           ####         1%          1    None
b - Blink                 Tloc           N/A          1%          2    None
c - Call Imp              Summ           ####....     1%          2    None
d - Conjure Flame         Conj/Fire      ####....     3%          3    None
e - Mephitic Cloud        Conj/Pois/Air  ####....     3%          3    None

Your spell library contained the following spells:

 Spells                   Type           Power        Failure   Level  Hunger
 Slow                     Hex            ####....     1%          2    None


Dungeon Overview and Level Annotations

Branches:
Dungeon (7/15)             Temple (0/1) D:6

Altars:
Cheibriados
Elyvilon
Makhleb
Nemelex Xobeh
Qazlal
Uskayaw

Annotations:
D:5 2 runed translucent doors, Crazy Yiuf; troglodite's ghost, novice DsBe


Innate Abilities, Weirdness & Mutations

Your experience applies equally to all skills.
You have very sharp teeth.
Your uncanny sense of smell can sniff out nearby items.


Message History

Your crimson imp blinks!
The bullfrog zombie barely misses your crimson imp.
Your crimson imp hits the bullfrog zombie.
Casting: Call Imp (safe; 1% risk of failure)
Confirm with . or Enter, or press ? or * to list all spells.
Aiming: Magic Dart (safe; 1% risk of failure)
Press: ? - help, Shift-Dir - straight line, f - bullfrog zombie
Aim: a bullfrog zombie (lightly damaged)
The magic dart hits the bullfrog zombie.
The bullfrog zombie is moderately damaged.
Your crimson imp blinks!
Casting: Magic Dart (safe; 1% risk of failure)
Confirm with . or Enter, or press ? or * to list all spells.
Aiming: Magic Dart (safe; 1% risk of failure)
Press: ? - help, Shift-Dir - straight line, f/p - bullfrog zombie
Aim: a bullfrog zombie (moderately damaged)
The magic dart hits the bullfrog zombie.
The bullfrog zombie is heavily damaged.
The bullfrog zombie hits you.
You die...

##.....<..## *,..##
#..........# **#...
#..........######..#
#.........†##......#
#....5........####.#
#...................
##........########.#
####.Z......#* #..
#....@.......* ###
#.#..........# #
#,###.###..5$#
*,*,...,#....#
*,*,....*,,..*
*,,.._..,,,,**
***.....#,,**
#○...§#,** ***,***,*


You could see a bullfrog zombie and 2 friendly crimson imps.

Vanquished Creatures
  A hungry ghost (D:7)
  2 phantoms (D:5)
  A necrophage (D:7)
  2 ogres
  A sky beast (D:5)
  3 centaurs
  3 bullfrogs
  A water moccasin zombie (D:7)
  3 scorpions
  6 howler monkeys
  2 jellies
  2 orc priests
  A hound (D:4)
  An iguana (D:4)
  Jessica (D:3)
  Natasha (thrice) (D:3)
  6 worker ants
  An orc wizard (D:4)
  7 adders
  2 shadow imps
  An ooze (D:3)
  An adder skeleton (D:5)
  A worm (D:4)
  3 leopard geckos
  11 orcs
  A ball python (D:4)
  6 bats
  5 giant cockroaches
  11 goblins
  5 hobgoblins
  5 jackals
  16 kobolds
  2 quokkas
  3 frilled lizards
  A jackal skeleton (D:5)
  A leopard gecko skeleton (D:4)
  6 rats
128 creatures vanquished.

Vanquished Creatures (collateral kills)
  A worm (D:3)
  An orc (D:3)
  A goblin (D:3)
  A bat (D:3)
4 creatures vanquished.

Grand Total: 132 creatures vanquished

Notes
Turn   | Place    | Note
-------+----------+-------------------------------------------
     0 | D:1      | esteth the Gnoll Wizard began the quest for the Orb.
     0 | D:1      | Reached XP level 1. HP: 13/13 MP: 8/8
   233 | D:1      | Reached XP level 2. HP: 19/19 MP: 8/10
  1071 | D:2      | Reached XP level 3. HP: 22/25 MP: 11/11
  1075 | D:2      | Learned a level 2 spell: Blink
  1078 | D:2      | Learned a level 2 spell: Call Imp
  1082 | D:2      | Learned a level 3 spell: Conjure Flame
  1086 | D:2      | Learned a level 3 spell: Mephitic Cloud
  1275 | D:2      | Reached skill level 1 in Invocations
  1413 | D:2      | Found a hide-covered altar of Uskayaw.
  1583 | D:3      | Reached skill level 1 in Fighting
  1583 | D:3      | Reached skill level 1 in Short Blades
  1583 | D:3      | Reached skill level 1 in Long Blades
  1583 | D:3      | Reached skill level 1 in Axes
  1583 | D:3      | Reached skill level 1 in Maces & Flails
  1583 | D:3      | Reached skill level 1 in Polearms
  1583 | D:3      | Reached skill level 1 in Staves
  1583 | D:3      | Reached skill level 1 in Slings
  1583 | D:3      | Reached skill level 1 in Bows
  1583 | D:3      | Reached skill level 1 in Crossbows
  1583 | D:3      | Reached skill level 1 in Throwing
  1583 | D:3      | Reached skill level 1 in Armour
  1583 | D:3      | Reached skill level 1 in Shields
  1583 | D:3      | Reached skill level 1 in Unarmed Combat
  1583 | D:3      | Reached skill level 1 in Evocations
  1583 | D:3      | Reached XP level 4. HP: 32/32 MP: 13/13
  1590 | D:3      | Reached skill level 1 in Hexes
  1590 | D:3      | Reached skill level 1 in Charms
  1590 | D:3      | Reached skill level 1 in Necromancy
  1590 | D:3      | Reached skill level 1 in Transmutations
  1590 | D:3      | Reached skill level 1 in Fire Magic
  1590 | D:3      | Reached skill level 1 in Ice Magic
  1590 | D:3      | Reached skill level 1 in Air Magic
  1590 | D:3      | Reached skill level 1 in Earth Magic
  1590 | D:3      | Reached skill level 1 in Poison Magic
  1607 | D:3      | Noticed Jessica
  1619 | D:3      | Killed Jessica
  1619 | D:3      | Reached XP level 5. HP: 35/37 MP: 10/14
  2148 | D:3      | Noticed Natasha
  2189 | D:3      | Killed Natasha
  2189 | D:3      | Reached XP level 6. HP: 18/44 MP: 9/16
  2337 | D:3      | Noticed Natasha
  2343 | D:3      | Killed Natasha
  2424 | D:3      | Noticed Natasha
  2432 | D:3      | Found a white marble altar of Elyvilon.
  2494 | D:3      | Killed Natasha
  2711 | D:3      | You fall through a shaft for 3 floors!
  2723 | D:6      | Reached skill level 5 in Dodging
  2977 | D:5      | Entered Level 5 of the Dungeon
  3145 | D:4      | Reached XP level 7. HP: 39/50 MP: 18/18
  3542 | D:4      | Found a snail-covered altar of Cheibriados.
  3560 | D:4      | Became a worshipper of Cheibriados the Contemplative
  3583 | D:4      | HP: 2/51 [poisoned by a worker ant]
  3591 | D:4      | HP: 2/51 [poisoned by a worker ant]
  3599 | D:4      | HP: 1/51 [poisoned by a worker ant]
  4176 | D:5      | Noticed troglodite's ghost (novice DsBe)
  4362 | D:5      | Reached skill level 5 in Stealth
  4748 | D:5      | HP: 2/51 [centaur/arrow (18)]
  5052 | D:5      | Reached XP level 8. HP: 29/57 MP: 7/19
  5329 | D:5      | Found a runed translucent door.
  5354 | D:5      | Reached * piety under Cheibriados
  5367 | D:5      | HP: 1/57 [sky beast (6)]
  6059 | D:5      | Found a runed translucent door.
  6060 | D:5      | Noticed Crazy Yiuf
  6444 | D:6      | Found a burning altar of Makhleb.
  6938 | D:6      | Found a sparkling altar of Nemelex Xobeh.
  7052 | D:6      | Found a staircase to the Ecumenical Temple.
  7166 | D:6      | Reached skill level 8 in Spellcasting
  7571 | D:7      | Reached ** piety under Cheibriados
  7662 | D:7      | HP: 1/59 [centaur/+0 spear (8)]
  7664 | D:7      | Reached XP level 9. HP: 2/65 MP: 21/21
  8052 | D:7      | HP: 2/62 [water moccasin zombie (2)]
  8054 | D:7      | Found a stormy altar of Qazlal.
  8063 | D:7      | Slain by a bullfrog zombie

Skill      XL: |  1  2  3  4  5  6  7  8  9 |
---------------+----------------------------+-----
Conjurations   | 2 3 4 |  4.0
Summonings     | 2 3 4 |  4.0
Translocations | 2 3 4 |  4.0
Invocations    | 1 2 3 4 |  4.4
Fighting       | 1 2 3 4 |  4.0
Short Blades   | 1 2 3 4 |  4.0
Long Blades    | 1 2 3 4 |  4.0
Axes           | 1 2 3 4 |  4.0
Maces & Flails | 1 2 3 4 |  4.0
Polearms       | 1 2 3 4 |  4.0
Staves         | 1 2 3 4 |  4.0
Slings         | 1 2 3 4 |  4.0
Bows           | 1 2 3 4 |  4.0
Crossbows      | 1 2 3 4 |  4.0
Throwing       | 1 2 3 4 |  4.0
Armour         | 1 2 3 4 |  4.0
Shields        | 1 2 3 4 |  4.0
Unarmed Combat | 1 2 3 4 |  4.0
Evocations     | 1 2 3 4 |  4.0
Hexes          | 1 2 3 |  3.2
Charms         | 1 2 3 |  3.2
Necromancy     | 1 2 3 |  3.2
Transmutations | 1 2 3 |  3.2
Fire Magic     | 1 2 3 |  3.2
Ice Magic      | 1 2 3 |  3.2
Air Magic      | 1 2 3 |  3.2
Earth Magic    | 1 2 3 |  3.2
Poison Magic   | 1 2 3 |  3.2
Dodging        | 5 6 |  6.1
Stealth        | 5 |  5.8
Spellcasting   | 8 |  8.2

Action                   |  1- 3 |  4- 6 |  7- 9 || total
-------------------------+-------+-------+-------++-------
Melee: Dagger            |    24 |       |       ||    24
       Short sword       |    43 |    61 |   203 ||   307
       Bite              |     5 |     4 |    19 ||    28
       Punch             |       |       |     1 ||     1
 Cast: Magic Dart        |    17 |    47 |    76 ||   140
       Mephitic Cloud    |       |     5 |    11 ||    16
       Call Imp          |       |     6 |    13 ||    19
       Conjure Flame     |       |     1 |       ||     1
       Blink             |       |       |     4 ||     4
Invok: Bend Time         |       |       |     1 ||     1
  Use: Scroll            |       |     4 |     8 ||    12
       Potion            |       |       |     7 ||     7
 Stab: Sleeping          |     8 |     1 |     7 ||    16
       Confused          |       |     1 |     3 ||     4
  Eat: Chunk             |     2 |     2 |    10 ||    14
       Ration            |       |     1 |       ||     1
Armor: Robe              |    14 |    19 |    23 ||    56
Dodge: Dodged            |    51 |    82 |   197 ||   330
Block: Buckler           |       |       |    20 ||    20
